 Dungeon Crawl Stone Soup version 0.25.1-2-g60ff931df9 (webtiles) character file.

Game seed: 15714048949517843421

1503 Asymodius the Cudgeler (level 8, -5/62 HPs)
             Began as a Demonspawn Abyssal Knight on Oct 26, 2020.
             Was an Elder of Lugonu.
             Slain by a shadow (23 damage)
             ... on level 7 of the Dungeon.
             The game lasted 00:57:30 (6731 turns).

Asymodius the Cudgeler (Demonspawn Abyssal Knight)  Turns: 6731, Time: 00:57:30

Health: -5/62      AC: 13    Str: 13 (14) XL:     8   Next: 52%
Magic:  10/10      EV: 10    Int: 12 (13) God:    Lugonu [****..]
Gold:   312        SH:  0    Dex: 11 (14) Spells: 7/7 levels left

rFire    + . .     SeeInvis .   a - +0 whip (elec)
rCold    + . .     Gourm    .   (no shield)
rNeg     . . .     Faith    .   o - +0 scale mail
rPois    +         Spirit   .   (helmet restricted)
rElec    +         Reflect  .   (no cloak)
rCorr    +         Harm     .   t - +2 pair of gloves
MR       .....                  C - +0 pair of boots
Stlth    ++........             (no amulet)
HPRegen  0.20/turn              (no ring)
MPRegen  0.12/turn              (no ring)

@: resistant
A: horns 1, slimy green scales 1, nightstalker 1, powered by pain 2
a: Depart the Abyss, Bend Space, Banish, Corrupt, Renounce Religion


You were on level 7 of the Dungeon.
You worshipped Lugonu.
Lugonu was greatly pleased with you.
You were not hungry.

You visited 1 branch of the dungeon, and saw 7 of its levels.
You visited the Abyss 1 time.

You collected 312 gold pieces.

Inventory:

Hand Weapons
 a - a +0 whip of electrocution (weapon)
 b - a +0 shortbow
 e - a +1 mace
 g - a +1 flail of holy wrath
 v - a +0 scythe
 A - a +0 vorpal flail
 D - a +0 giant club
Missiles
 B - 106 arrows (quivered)
Armour
 n - a +0 leather armour
 o - a +0 scale mail (worn)
 t - a +2 pair of gloves (worn)
 w - a +0 chain mail
 C - a +0 pair of boots (worn)
Wands
 f - a wand of disintegration (13)
Scrolls
 h - 5 scrolls of identify
 i - 2 scrolls of enchant weapon {unknown}
 j - 3 scrolls of magic mapping
 l - a scroll of enchant armour {unknown}
 m - a scroll of random uselessness {unknown}
 q - 4 scrolls of teleportation
 s - a scroll of remove curse
 x - 2 scrolls of fog
 y - a scroll of immolation {unknown}
Potions
 d - a potion of might
Comestibles
 c - 9 rations


   Skills:
 + Level 5.1 Fighting
 + Level 5.5 Maces & Flails
 + Level 2.0 Bows
 + Level 4.1 Armour
 + Level 2.9 Dodging
 + Level 2.8 Stealth
 * Level 3.2 Unarmed Combat
 + Level 3.1 Invocations


You had 7 spell levels left.
You didn't know any spells.
Your spell library was empty.

Dungeon Overview and Level Annotations

Branches:
Dungeon (7/15)             Temple (0/1) D:6

Altars:
Dithmenos
Kikubaaqudgha
Makhleb
Nemelex Xobeh


Innate Abilities, Weirdness & Mutations

You have a pair of small horns on your head.
You are partially covered in slimy green scales. (AC +2)
You are slightly more attuned to the shadows.
You sometimes gain power by taking damage.


Message History

The shadow strikes at you from the darkness!
Reactivating autopickup.
Your scale mail prevents you from hitting the shadow.
The shadow is heavily damaged.
The shadow hits you.
* * * LOW HITPOINT WARNING * * *
Press: ? - help, v - describe, . - travel The floor, spattered with blood.
Okay, then.
It was a potion of degeneration.
There was something very wrong with that liquid.
You feel weakened.
You feel dopey.
You feel clumsy.
The shadow slips into darkness.
The shadow flickers and vanishes!
Deactivating autopickup; reactivate with Ctrl-A.
You have 312 gold pieces.
It was a potion of resistance.
You feel protected.
The shadow strikes at you from the darkness!
You die...

### ###
#.######.#
#........#
#.######.#
#.....<#.#
########.#
###.....{@.#
....(..#####
...(.........
.[......#####
(.......#
........#
###+###.# .#


There were no monsters in sight!

Vanquished Creatures
  Eustachio (D:4)
  A sky beast (D:7)
  An ice beast (D:6)
  A phantom (D:6)
  2 ogres (D:6)
  3 centaurs (D:6)
  A bullfrog (D:6)
  A scorpion (D:5)
  A crimson imp (D:6)
  An orc priest (D:3)
  2 hounds (D:6)
  2 iguanas
  3 worker ants
  An orc wizard (D:4)
  A hound zombie (D:5)
  9 adders
  4 gnolls (D:5)
  5 shadow imps
  2 adder zombies (D:5)
  An adder skeleton (D:4)
  A worm (D:2)
  3 dart slugs
  6 leopard geckos
  9 orcs
  2 ball pythons
  7 bats
  6 giant cockroaches
  6 goblins
  7 hobgoblins
  7 jackals
  3 quokkas
  4 frilled lizards
  8 kobolds
  2 quokka skeletons
  9 rats
  A plant (D:2)
124 creatures vanquished.

Notes
Turn   | Place    | Note
-------+----------+-------------------------------------------
     0 | Abyss:1  | Asymodius the Demonspawn Abyssal Knight began the quest for
                  | the Orb.
     0 | Abyss:1  | Reached XP level 1. HP: 18/18 MP: 2/2
     4 | Abyss:1  | Found a corrupted altar of Lugonu.
    18 | D:1      | Escaped the Abyss
   169 | D:1      | Gained mutation: You sometimes gain a little power by
                  | taking damage. [demonic ancestry]
   169 | D:1      | Reached XP level 2. HP: 23/24 MP: 3/3
   607 | D:1      | Reached ** piety under Lugonu
   897 | D:2      | Gained mutation: You have a pair of small horns on your
                  | head. [demonic ancestry]
   897 | D:2      | Reached XP level 3. HP: 26/30 MP: 5/5
  1226 | D:2      | Reached skill level 1 in Dodging
  1836 | D:2      | Gained mutation: You are slightly more attuned to the
                  | shadows. [demonic ancestry]
  1836 | D:2      | Reached XP level 4. HP: 28/37 MP: 6/6
  2000 | D:2      | Found a faded altar of an unknown god.
  2216 | D:3      | Reached skill level 1 in Stealth
  2833 | D:3      | Gained mutation: You sometimes gain power by taking damage.
                  | [demonic ancestry]
  2833 | D:3      | Reached XP level 5. HP: 42/42 MP: 7/7
  2904 | D:3      | Reached *** piety under Lugonu
  3432 | D:4      | Found an ancient bone altar of Kikubaaqudgha.
  3433 | D:4      | Found a sparkling altar of Nemelex Xobeh.
  3598 | D:4      | Found a shadowy altar of Dithmenos.
  3601 | D:4      | Noticed Eustachio
  3628 | D:4      | Killed Eustachio
  3628 | D:4      | Reached skill level 1 in Unarmed Combat
  3628 | D:4      | Reached XP level 6. HP: 44/49 MP: 8/8
  4315 | D:5      | Entered Level 5 of the Dungeon
  4658 | D:5      | Gained mutation: You are partially covered in slimy green
                  | scales. (AC +2) [demonic ancestry]
  4658 | D:5      | Reached XP level 7. HP: 35/55 MP: 9/9
  5220 | D:6      | Found a staircase to the Ecumenical Temple.
  5819 | D:6      | Reached skill level 5 in Maces & Flails
  5819 | D:6      | Reached XP level 8. HP: 43/61 MP: 10/10
  5935 | D:6      | Found a burning altar of Makhleb.
  6022 | D:6      | Reached **** piety under Lugonu
  6161 | D:6      | Reached skill level 5 in Fighting
  6161 | D:6      | Reached skill level 1 in Bows
  6731 | D:7      | Slain by a shadow

Illustrated notes

Levels and vault maps discovered:
D:1:      wander_arrival_fairy_ring, layout_rooms, st_stairs_13,
          chequers_serial_rivers_micro_a
D:2:      layout_loops_cross, chequers_ecumenical_altar_lobes
D:3:      layout_basic
D:4:      layout_basic, chequers_temple_overflow_statue_of_worship,
          overflow_temple_1_default, corexii_leaking_fountain, uniq_eustachio
D:5:      layout_loops_ring, first_ration, chequers_serial_rivers_micro_b
D:6:      layout_basic, minmay_temple_entry_sparse_star, serial_glass,
          glass_columns_a, glass_columns_a, makhleb_heckhound_becter
D:7:      layout_basic, grunt_temple_overflow_champion_of_chaos,
          lemuel_round_altar, minmay_misc_feat_x, uniq_pikel

Skill      XL: |  1  2  3  4  5  6  7  8 |
---------------+-------------------------+-----
Armour         | 2 3 4 |  4.1
Maces & Flails | 2 3 5 |  5.5
Dodging        | 1 2 |  2.9
Stealth        | 1 2 |  2.8
Fighting       | 4 5 |  5.1
Unarmed Combat | 1 2 3 |  3.2
Bows           | 2 |  2.0
Invocations    | 3 |  3.1

Action                   |  1- 3 |  4- 6 |  7- 9 || total
-------------------------+-------+-------+-------++-------
Melee: Mace              |    10 |       |     5 ||    15
       Whip              |   117 |   189 |   176 ||   482
       Headbutt          |     8 |    35 |    27 ||    70
       Punch             |       |       |     3 ||     3
 Fire: Shortbow          |       |       |    16 ||    16
Invok: Bend Space        |       |     1 |     4 ||     5
  Use: Scroll            |     3 |     1 |     2 ||     6
       Potion            |     4 |     2 |     5 ||    11
 Stab: Sleeping          |       |     2 |     2 ||     4
  Eat: Chunk             |     3 |     5 |     6 ||    14
       Ration            |       |     1 |     1 ||     2
Armor: Leather armour    |    35 |     1 |       ||    36
       Chain mail        |       |    17 |       ||    17
       Scale mail        |       |    53 |    88 ||   141
Dodge: Dodged            |    92 |    77 |    64 ||   233
